 Dungeon Crawl Stone Soup version 0.30-a0-672-gc3a7216ad8 (webtiles) character file.

Game seed: 14616864679461343536

77303 lunkers the Severer (level 16, -9/119 HPs)
             Began as a Meteoran Fighter on Jan 18, 2023.
             Was a Plaything of Xom.
             Killed from afar by a naga mage (33 damage)
             ... with a bolt of poison
             ... on level 4 of the Snake Pit.
             The game lasted 00:30:57 (7447 turns).

lunkers the Severer (Meteoran Fighter)              Turns: 7447, Time: 00:30:57

Health: -9/119     AC: 26    Str: 24      XL:     16   Next: 52%
Magic:  15/17      EV: 12    Int:  9 (10) God:    Xom [.*....]
Gold:   1975       SH:  5    Dex: 25      Spells: 15/15 levels left

rFire   . . .      SeeInvis .    a - +5 battleaxe (vamp)
rCold   . . .      Faith    .    (shield currently unavailable)
rNeg    . . .      Spirit   .    L - +0 shadow dragon scales
rPois   .          Reflect  +    (helmet restricted)
rElec   .          Harm     .    P - +1 cloak {Stlth+}
rCorr   .          Rampage  .    x - +1 pair of gloves
Will    ++...                    z - +2 pair of boots
Stlth   ++                       k - amulet of Beauty {Reflect +Inv Dex+7 SH+5}
HPRegen 0.39/turn                y - +4 ring of slaying
MPRegen 0.15/turn                F - +5 ring of evasion

@: lethally poisoned (-9 -> -37), weakened, slowed, glowing, constricted, very
slow
A: sense surroundings 2, otherworldly, glowing, explore regen, horns 1, agile 1,
deterioration 1, frail 2
a: Renounce Religion, Evoke Invisibility


You were on level 4 of the Snake Pit.
You worshipped Xom.
You were a plaything of Xom.
You visited 3 branches of the dungeon, and saw 18 of its levels.
You also visited: Sewer and Bailey.

You collected 1975 gold pieces.

Inventory:

Hand Weapons
 a - a +5 vampiric battleaxe (weapon)
 R - the +8 demon blade of the Candle {vamp, Will++ Str-4}
   (You found it on level 3 of the Lair of Beasts)

   Str:       It affects your strength (-4).
   Will:      It greatly increases your willpower.
Missiles
 l - 16 throwing nets
 H - 5 datura-tipped darts
Armour
 w - a +0 helmet
 x - a +1 pair of gloves (worn)
 z - a +2 pair of boots (worn)
 L - +0 shadow dragon scales (worn)
 P - a +1 cloak of stealth (worn)
Jewellery
 b - a ring of ice
 c - a +4 ring of slaying
 h - an amulet of reflection
 k - the amulet of Beauty (around neck) {Reflect +Inv Dex+7 SH+5}
   (You found it on level 2 of the Dungeon)

   [amulet of reflection]

   It reflects blocked missile attacks.
   Dex:       It affects your dexterity (+7).
   +Inv:      It lets you turn invisible.
   SH:        It affects your SH (+5).
 y - a +4 ring of slaying (left hand)
 F - a +5 ring of evasion (right hand)
 I - a ring of protection from cold
 N - a ring of fire
Wands
 s - a wand of roots (31)
 t - a wand of paralysis (24)
 J - a wand of flame (29)
 M - a wand of mindburst (1)
Scrolls
 e - 2 scrolls of enchant armour
 g - 3 scrolls of magic mapping
 i - a scroll of fear
 j - 2 scrolls of amnesia
 n - a scroll of fog
 q - 3 scrolls of summoning
 v - 3 scrolls of teleportation
 Q - a scroll of blinking
Potions
 d - 2 potions of might
 f - 10 potions of curing
 m - a potion of attraction {unknown}
 o - 6 potions of flight
 p - 8 potions of heal wounds
 r - 3 potions of lignification
 u - 3 potions of haste
 A - a potion of ambrosia {unknown}
 C - 6 potions of invisibility
 D - 3 potions of magic
 E - a potion of mutation {unknown}
 K - 2 potions of cancellation
 O - a potion of berserk rage {unknown}
 S - 2 potions of brilliance {unknown}


   Skills:
 + Level 15.5 Fighting
 - Level 20.0 Axes
 + Level 12.7 Armour
 + Level 2.7 Dodging
 - Level 3.6 Shields
 * Level 12.8 Evocations


You had 15 spell levels left.
You didn't know any spells.
Your spell library contained the following spells:

 Spells                   Type           Power      Damage    Failure   Level
 Foxfire                  Conj/Fire      0%         2x1d4     88%         1
 Slow                     Hex            0%         N/A       88%         1
 Blink                    Tloc           0%         N/A       96%         2
 Ensorcelled Hibernation  Hex/Ice        0%         N/A       96%         2
 Lesser Beckoning         Tloc           0%         N/A       96%         2
 Momentum Strike          Conj/Tloc      0%         3d8       96%         2
 Sublimation of Blood     Necr           0%         N/A       96%         2
 Wereblood                Tmut           0%         N/A       96%         2
 Confusing Touch          Hex            0%         N/A       99%         3
 Ignite Poison            Fire/Tmut/Pois 0%         N/A       99%         3
 Kindle Blastsparks       Fire/Tloc/Air  0%         2d10      99%         3
 Spider Form              Tmut/Pois      0%         N/A       99%         3
 Vampiric Draining        Necr           0%         2d6       99%         3
 Airstrike                Air            0%         2d(0-16)  100%        4
 Anguish                  Hex/Necr       0%         N/A       100%        4
 Summon Lightning Spire   Summ/Air       0%         N/A       100%        4
 Fireball                 Conj/Fire      0%         3d3       100%        5
 Freezing Cloud           Conj/Ice/Air   0%         6-21      100%        5
 Lightning Bolt           Conj/Air       0%         1d11      100%        5
 Starburst                Conj/Fire      0%         6d3       100%        6
 Enfeeble                 Hex            0%         N/A       100%        7
 Summon Hydra             Summ           0%         N/A       100%        7


Dungeon Overview and Level Annotations

Branches:
Dungeon (9/15) Zot: 1520   Temple (0/1) D:5            Lair (5/5) D:9 Zot: 863
  Snake (4/4) Lair:2 Zot: 1607   Slime (0/5) Lair:5        Sewer (visited)
 Bailey (visited)
  Swamp: Lair:2-3    Shoals: Lair:2-3       Orc: D:9-12

Altars:
Makhleb
Xom
Zin
Jiyva

Shops:
D:4 *   D:7 [   Snake:1 (*[   Snake:4 *

Annotations:
Lair:1 3 runed translucent doors, Tuexibol's ghost, journeyman TrFi
Lair:2 Harold
Snake:3 1 runed translucent door


Innate Abilities, Weirdness & Mutations

You passively map the area around you.
You are easily found by Zot.
You glow in the dark.
You regain HP and MP as you explore.
You have a pair of small horns on your head.
You are agile. (Dex +4, Str/Int -1)
Your body sometimes deteriorates upon taking damage.
You are very frail. (-20% HP)


Message History

You barely miss the naga mage.
You headbutt the naga mage, but do no damage.
The naga mage is heavily wounded.
You hit the naga.
You feel sick. "Forecast: mostly cloudy."
The naga mage barely misses you. You block the naga's attack.
The naga constricts you.
You barely miss the naga mage.
The naga mage is heavily wounded.
You slash the naga!
You feel better.
You kill the naga!
You feel sick.
The naga mage hits you with a +0 halberd.
* * * LOW HITPOINT WARNING * * *
The naga mage grabs you. The naga mage constricts you.
* * * LOW HITPOINT WARNING * * *
The naga mage points at the nagaraja and mumbles some strange words.
The nagaraja seems to grow toxic.
The naga mage constricts you.
You hit the naga mage but do no damage.
The naga mage is heavily wounded.
You feel sick. You block the naga mage's attack. The naga mage constricts you.
Unknown command.
You hit the naga mage but do no damage.
The naga mage is heavily wounded.
You feel sick.
The naga mage hits you with a +0 halberd!
* * * LOW HITPOINT WARNING * * *
The naga mage constricts you. The nagaraja spits poison at you.
The splash of poison hits you!
You are more poisoned.
You have difficulty breathing.
* * * LOW HITPOINT WARNING * * *
You feel as though you will be slow longer.
* * * LOW HITPOINT WARNING * * *
The naga mage gestures at you while chanting.
The bolt of poison hits you!!
You are lethally poisoned!
You die...
Xom giggles madly!

*, , ,, ,, , , ** ,
, , , #........# *
* * , , #.......!.#
, * , #
#.....#..... , * *
#.#............ , ,
, ,
#.#............. *
, * *,
.##.....§#.#.#.#.#,
,,
.....§§N§§....... ,
,* #...N.§@§#.#.#.#
,* , **
##..##§§§....... *
* **, ##.§#.#.#.#.#
* * , #...........
, , ,,,
#..##<#.#.#. ,* , ,
....##......... , ,
,** ##..#
##.#.#.#.#, ,* ##.
......, , * #. #.#
#.# ∆


You could see a nagaraja (fast, curare, catching breath) and a naga mage (fast).

Vanquished Creatures
  The ghost of SirDiesAlot the Summoner, a journeyman DsSu of Sif Muna (Lair:5)
  2 salamander tyrants
  2 hydras
  A merfolk avatar (Lair:5)
  5 anacondas
  A boulder beetle (Lair:5)
  4 naga warriors
  2 death yaks (Lair:5)
  A shock serpent (Snake:4)
  2 naga sharpshooters
  A sea snake (Lair:5)
  2 lindwurms (Lair:3)
  3 mana vipers
  6 elephants (Lair:5)
  5 salamanders
  A manticore (Lair:5)
  Maurice (D:9)
  5 black mambas
  5 naga magi
  8 cane toads
  A torpor snail (Lair:5)
  A rime drake (Lair:5)
  9 komodo dragons
  2 trolls (D:8)
  8 polar bears
  A wind drake (Lair:5)
  3 blink frogs (Lair:5)
  2 hornets (Lair:3)
  A snapping turtle (Lair:5)
  2 spriggans (Lair:3)
  10 wyverns
  Grum (D:8)
  2 basilisks
  22 yaks
  Eustachio (D:6)
  A steam dragon (D:8)
  12 nagas
  14 water moccasins
  4 orc warriors
  2 ice beasts
  A sky beast (D:8)
  5 black bears
  6 wolves
  An ogre (D:4)
  A boggart (D:8)
  4 centaurs
  5 bullfrogs
  7 kobold brigands
  4 gnoll sergeants
  2 scorpions
  2 necrophages
  15 wights
  3 howler monkeys (D:8)
  3 lava snakes (Lair:2)
  2 gnoll boudas
  6 jellies
  4 orc priests
  9 hounds
  3 iguanas
  5 orc wizards
  24 gnolls
  13 adders
  8 river rats (Sewer)
  A shadow imp (D:5)
  A white imp (D:5)
  A worm (D:6)
  2 dart slugs (D:1)
  20 orcs
  7 ball pythons
  13 endoplasms
  9 giant cockroaches
  13 goblins
  10 hobgoblins
  10 jackals
  7 quokkas
  4 bats
  5 frilled lizards
  28 kobolds
  13 rats
434 creatures vanquished.

Vanquished Creatures (collateral kills)
  An orc knight (Bailey)
  A black mamba (Lair:3)
  2 komodo dragons (Lair:4)
  A polar bear (Lair:4)
  A yak (Lair:3)
  An orc warrior (Bailey)
  2 centaurs (Lair:4)
  3 kobold brigands (Bailey)
  A bullfrog (Lair:3)
  2 kobolds (Bailey)
15 creatures vanquished.

Vanquished Creatures (others)
  A naga mage (Snake:4)
  2 yaks (D:8)
  A kobold (Bailey)
  9 fungi
  24 plants
37 creatures vanquished.

Grand Total: 486 creatures vanquished

Notes
Turn   | Place    | Note
-------+----------+-------------------------------------------
     0 | D:1      | lunkers the Meteoran Fighter began the quest for the Orb.
     0 | D:1      | Reached XP level 1. HP: 19/19 MP: 2/2
    31 | D:1      | Reached skill level 3 in Axes
    31 | D:1      | Reached XP level 2. HP: 26/26 MP: 3/3
   109 | D:1      | Reached XP level 3. HP: 30/31 MP: 4/4
   122 | D:1      | Found a faded altar of an unknown god.
   125 | D:1      | Prayed at the altar of an unknown god.
   125 | D:1      | Became a worshipper of Xom of Chaos
   209 | D:1      | Reached skill level 4 in Axes
   401 | D:2      | Reached XP level 4. HP: 38/38 MP: 5/5
   420 | D:2      | Identified the amulet of Beauty {Reflect +Inv Dex+7 SH+5}
   594 | D:3      | XOM: smoke on damage
   669 | D:3      | Reached skill level 5 in Axes
   706 | D:3      | Reached XP level 5. HP: 45/45 MP: 6/6
   725 | D:3      | Reached skill level 6 in Axes
   820 | D:3      | XOM: silly message
   915 | D:3      | Noticed a black bear
   920 | D:3      | Reached XP level 6. HP: 51/51 MP: 7/7
   922 | D:3      | Killed a black bear
   923 | D:3      | Reached skill level 7 in Axes
   982 | D:4      | Found Noitiril's Gadget Gallery.
  1045 | D:4      | XOM: 3-stop teleportation journey
  1047 | D:4      | Reached XP level 7. HP: 53/57 MP: 8/8
  1050 | D:4      | Reached skill level 8 in Axes
  1053 | D:4      | XOM: cast spell 'Summon Mana Viper'
  1096 | D:4      | Reached skill level 9 in Axes
  1575 | D:5      | Entered Level 5 of the Dungeon
  1722 | D:5      | Reached XP level 8. HP: 56/63 MP: 9/9
  1748 | D:5      | XOM: potion effect (brilliance)
  1756 | D:5      | Reached skill level 10 in Axes
  1774 | D:5      | Found a staircase to the Ecumenical Temple.
  1868 | D:5      | XOM: swap monsters
  1888 | D:5      | Reached skill level 15 in Axes
  1888 | D:5      | Gained mutation: You passively map the area around you.
                  | [Meteoran growth]
  1888 | D:5      | Reached XP level 9. HP: 44/82 MP: 10/10
  2017 | D:6      | Reached skill level 16 in Axes
  2082 | D:6      | Noticed Eustachio
  2094 | D:6      | Killed Eustachio
  2272 | D:6      | Reached XP level 10. HP: 90/91 MP: 11/11
  2382 | D:6      | Found a glowing drain.
  2390 | Sewer    | Entered a sewer
  3063 | D:7      | XOM: confuse monster(s)
  3064 | D:7      | XOM: confuse monster(s)
  3081 | D:7      | Reached skill level 10 in Fighting
  3081 | D:7      | Reached skill level 1 in Evocations
  3279 | D:7      | XOM: silly message
  3400 | D:7      | XOM: god gift: datura-tipped dart
  3421 | D:7      | Found Emnexillirr's Armour Shoppe.
  3505 | D:7      | Found a burning altar of Makhleb.
  3535 | D:8      | XOM: divine lightning
  3631 | D:8      | Noticed a green ugly thing
  3650 | D:8      | Reached XP level 11. HP: 71/101 MP: 12/12
  3662 | D:8      | XOM: summons 4 friendly demons
  3730 | D:8      | XOM: polymorph gnoll bouda -> boggart
  3733 | D:8      | Reached skill level 5 in Armour
  3909 | D:8      | Found a glowing silver altar of Zin.
  3952 | D:8      | XOM: scenery: create altars
  4057 | D:8      | Reached skill level 5 in Evocations
  4099 | D:8      | Noticed Grum
  4102 | D:8      | Killed Grum
  4102 | D:8      | XOM: give mutations
  4102 | D:8      | Gained mutation: You are agile. (Dex +4, Str/Int -1) [Xom's
                  | grace]
  4102 | D:8      | Gained mutation: You are very agile. (Dex +8, Str/Int -2)
                  | [Xom's grace]
  4102 | D:8      | Gained mutation: You have a pair of small horns on your
                  | head. [Xom's grace]
  4117 | D:8      | XOM is BORED!
  4117 | D:8      | XOM: summons 3 hostile shadow creatures
  4120 | D:8      | XOM: give mutation
  4120 | D:8      | Gained mutation: You are robust. (+10% HP) [Xom's grace]
  4233 | D:9      | XOM: fog
  4249 | D:9      | Found a flagged portal.
  4258 | Bailey   | Entered a bailey
  4268 | Bailey   | XOM: summons friendly quasit
  4326 | Bailey   | XOM: cast spell 'Summon Dragon'
  4327 | Bailey   | Noticed an orc knight
  4328 | Bailey   | Found a burning altar of Makhleb.
  4337 | Bailey   | Killed an orc knight
  4339 | Bailey   | Reached skill level 17 in Axes
  4407 | D:9      | Noticed Maurice
  4420 | D:9      | Killed Maurice
  4449 | D:9      | Found a staircase to the Lair.
  4462 | Lair:1   | Entered Level 1 of the Lair of Beasts
  4516 | Lair:1   | Found a runed translucent gate.
  4518 | Lair:1   | Found a runed translucent gate.
  4525 | Lair:1   | Noticed a four-headed hydra
  4533 | Lair:1   | Killed a six-headed hydra
  4553 | Lair:1   | Reached XP level 12. HP: 108/121 MP: 13/13
  4554 | Lair:1   | Reached skill level 18 in Axes
  4554 | Lair:1   | Reached XP level 13. HP: 118/128 MP: 14/14
  4695 | Lair:1   | Found a runed translucent gate.
  4702 | Lair:1   | Noticed Tuexibol's ghost (journeyman TrFi)
  4750 | Lair:2   | XOM: god gift: distressingly furry robe {god gift}
  4750 | Lair:2   | Identified the +0 robe of Xom's Grace {rN+ Int+3} (Xom
                  | gifted it to you on level 2 of the Lair of Beasts)
  4815 | Lair:3   | XOM: summons 13 friendly demons
  4822 | Lair:3   | Reached skill level 19 in Axes
  4855 | Lair:3   | XOM: summons friendly iron imp
  4868 | Lair:3   | Identified the +8 demon blade of the Candle {vamp, Will++
                  | Str-4}
  4890 | Lair:3   | XOM: scenery: create altars
  4910 | Lair:3   | XOM: butterfly on damage
  4975 | Lair:3   | XOM: noise
  5054 | Lair:4   | XOM: give mutation
  5054 | Lair:4   | Lost mutation: You are robust. (+10% HP) [Xom's mischief]
  5126 | Lair:4   | XOM: summons friendly red devil
  5229 | Lair:5   | Entered Level 5 of the Lair of Beasts
  5330 | Lair:5   | XOM: smoke on damage
  5332 | Lair:5   | Reached skill level 10 in Armour
  5356 | Lair:5   | Noticed a death yak
  5356 | Lair:5   | Noticed a death yak
  5361 | Lair:5   | Killed a death yak
  5362 | Lair:5   | Reached skill level 20 in Axes
  5363 | Lair:5   | Reached XP level 14. HP: 129/129 MP: 15/15
  5396 | Lair:5   | XOM: enchant monster (bad)
  5415 | Lair:5   | XOM: silly message
  5485 | Lair:5   | XOM: confuse monster(s)
  5491 | Lair:5   | XOM: silly message
  5528 | Lair:5   | Found the +8 trident of the Octopus King {venom, rElec
                  | rPois}
  5577 | Lair:5   | XOM: summons 1 hostile demon
  5578 | Lair:5   | XOM: polymorph shadow imp -> crimson imp
  5583 | Lair:5   | XOM: smoke on damage
  5587 | Lair:5   | XOM: summons 1 hostile shadow creature
  5599 | Lair:5   | Found a viscous altar of Jiyva.
  5599 | Lair:5   | Found a staircase to the Slime Pits.
  5638 | Lair:5   | XOM: confusion
  5654 | Lair:5   | XOM: summons 8 hostile demons
  5666 | Lair:5   | Found a runed translucent door.
  5666 | Lair:5   | Noticed SirDiesAlot's ghost (journeyman DsSu)
  5695 | Lair:5   | Killed SirDiesAlot's ghost
  6011 | Lair:3   | XOM: summons friendly iron imp
  6076 | Lair:3   | XOM: polymorph iron imp -> quasit
  6164 | Lair:2   | XOM: 1-stop teleportation journey
  6360 | Lair:2   | Noticed Harold
  6362 | Lair:2   | Found a staircase to the Snake Pit.
  6398 | Lair:2   | XOM: give mutations
  6398 | Lair:2   | Lost mutation: You are very agile. (Dex +8, Str/Int -2)
                  | [Xom's mischief]
  6398 | Lair:2   | Gained mutation: Your body sometimes deteriorates upon
                  | taking damage. [Xom's mischief]
  6441 | Lair:2   | XOM: give mutations
  6441 | Lair:2   | Gained mutation: You are frail. (-10% HP) [Xom's mischief]
  6441 | Lair:2   | Gained mutation: You are very frail. (-20% HP) [Xom's
                  | mischief]
  6658 | Snake:1  | Entered Level 1 of the Snake Pit
  6691 | Snake:1  | Found Liem's Antique Weapon Emporium.
  6693 | Snake:1  | Found Balah's General Store.
  6696 | Snake:1  | Found Tuom's Armour Emporium.
  6895 | Snake:1  | XOM: fog
  7120 | Snake:3  | XOM: summons friendly neqoxec
  7126 | Snake:3  | Reached XP level 15. HP: 106/111 MP: 16/16
  7137 | Snake:3  | XOM: cast spell 'Statue Form'
  7139 | Snake:3  | Reached skill level 10 in Evocations
  7154 | Snake:3  | XOM: scenery: summon butterflies
  7174 | Snake:3  | Found a runed translucent door.
  7195 | Snake:4  | Entered Level 4 of the Snake Pit
  7214 | Snake:4  | XOM: god gift: 707 gold pieces
  7222 | Snake:4  | Found Feih's Overcharged Wands.
  7235 | Snake:4  | XOM: potion effect (experience)
  7235 | Snake:4  | Reached skill level 15 in Fighting
  7235 | Snake:4  | Reached XP level 16. HP: 98/119 MP: 17/17
  7300 | Snake:4  | XOM: divination: magic mapping
  7327 | Snake:4  | XOM: confuse monster(s)
  7333 | Snake:4  | XOM: divination: detect items
  7335 | Snake:4  | Reached skill level 1 in Dodging
  7341 | Snake:4  | XOM: confuse monster(s)
  7343 | Snake:4  | XOM: summons 16 friendly demons
  7353 | Snake:4  | XOM: enchant monster (good)
  7369 | Snake:4  | XOM: noise
  7409 | Snake:3  | XOM: fog
  7424 | Snake:4  | XOM: chaos upgrade
  7442 | Snake:4  | Noticed a nagaraja
  7444 | Snake:4  | XOM: fog
  7447 | Snake:4  | Killed from afar by a naga mage

Illustrated notes

Levels and vault maps discovered:
D:1:      dpeg_arrival_refuge, layout_basic,
          shapermc_ecumenical_altar_mp_ritualfount,
          ebering_dispersal_statue_hall
D:2:      layout_basic, minmay_small_reverse_x
D:3:      minmay_bubble_buster, layout_basic, amcnicky_altar_gilded
D:4:      layout_basic, nicolae_shop_gadgets
D:5:      layout_basic, minmay_temple_entry_mist
D:6:      layout_loops_ring, gup_sewer_entry_bubbles, dreamdust_princess_bridge,
          uniq_eustachio
D:7:      corexii_shack_village, layout_basic, mainiacjoe_overflow_chevrons,
          minmay_misc_feat_square, serial_park_tiny_1, kennysheep_windowed_goal
D:8:      layout_cave_pools, kennysheep_mini, serial_gnoll_camp, grums_kennel,
          gnoll_camp_mini_basic, gnoll_camp_medium_02, gnoll_camp_medium_01,
          hangedman_decor_riveting, wad_dig_loot
D:9:      layout_loops_ring, lair_entry_dummy, enter_bailey_4, uniq_maurice,
          uniq_maggie
Lair:1:   layout_cave_pods, gammafunk_ghost_split, serial_bayou_shore_a
Lair:2:   layout_small_grid, minmay_shoals_entry_hut,
          nicolae_snake_entry_warm_welcome, serial_bayou_shore_b,
          infiniplex_staircase_pool_2, uniq_harold
Lair:3:   cheibrodos_lair_overgrown_chateau, layout_hall_layers,
          forest_entry_grove
Lair:4:   layout_cave_shapes, lemuel_centaur_altar, lemuel_fruit_tree
Lair:5:   gammafunk_lair_ancient_temple, layout_concentric_octagons,
          nicolae_slime_entry_field_trip, gammafunk_ghost_grave
Snake:1:  layout_chambers, minmay_shop_star
Snake:2:  layout_rooms, grunt_megastairs_3, uniq_frances, uniq_nikola,
          uniq_louise
Snake:3:  cheibrodos_toxic_ritual, layout_onion_interference
Snake:4:  minmay_snake_end_coiled, layout_layer_cave, st_stairs_10,
          nicolae_shop_overcharged_wands

Skill      XL: |  1  2  3  4  5  6  7  8  9 10 11 12 13 14 15 16 |
---------------+-------------------------------------------------+-----
Axes           | 3 4 5 6 7 9 15 16 17 18 20 | 20.0
Fighting       | 8 9 10 11 13 14 15 | 15.5
Evocations     | 4 6 9 11 12 | 12.8
Armour         | 4 6 8 10 11 12 | 12.7
Dodging        | 2 |  2.7
Shields        | |  3.6

Action                   |  1- 3 |  4- 6 |  7- 9 | 10-12 | 13-15 | 16-18 || total
-------------------------+-------+-------+-------+-------+-------+-------++-------
Melee: War axe           |    54 |    90 |   138 |    80 |       |       ||   362
       Battleaxe         |       |       |       |   216 |   425 |    67 ||   708
       Headbutt          |       |       |       |    12 |   114 |    25 ||   151
Evoke: Wand              |       |       |     1 |     2 |     1 |       ||     4
  Use: Potion            |       |       |     2 |     1 |     1 |       ||     4
       Scroll            |       |       |    11 |     8 |     7 |       ||    26
 Stab: Sleeping          |       |     1 |       |       |     3 |       ||     4
       Confused          |       |       |       |     1 |     1 |     4 ||     6
       Paralysed         |       |       |       |     5 |     2 |       ||     7
       Distracted        |       |       |       |       |     3 |       ||     3
Armor: Scale mail        |    32 |    30 |    24 |    88 |       |       ||   174
       Shadow dragon sca |       |       |       |     6 |   196 |    32 ||   234
       Skin              |       |       |       |       |    14 |       ||    14
Dodge: Dodged            |    19 |    34 |    40 |   115 |   195 |    33 ||   436
Block: Buckler           |    12 |    40 |    77 |    27 |       |       ||   156
       Reflection        |       |     1 |     4 |     8 |     7 |     1 ||    21
       Other             |       |       |       |    41 |    76 |    18 ||   135

Table legend: (Time is in decaauts)
 A = Elapsed time spent in this place.
 B = Non-inter-level travel time spent in this place.
 C = Inter-level travel time spent in this place.
 D = Time resting spent in this place.
 E = Time spent auto-exploring this place.
 F = Levels seen in this place.
 G = Mean time per level.
                   A        B        C        D        E       F      G
               +--------+--------+--------+--------+--------+-----+--------+
         Total |   7440 |   7028 |    412 |      0 |   4300 |  20 |  372.0 |
       Dungeon |   3879 |   3637 |    242 |      0 |   2394 |   9 |  431.0 |
          Lair |   2136 |   2012 |    124 |      0 |   1113 |   5 |  427.2 |
     Snake Pit |    791 |    747 |     44 |      0 |    386 |   4 |  197.8 |
         Sewer |    479 |    479 |      0 |      0 |    337 |   1 |  479.0 |
        Bailey |    153 |    153 |      0 |      0 |     68 |   1 |  153.0 |
               +--------+--------+--------+--------+--------+-----+--------+

Top non-repeatable levels by time:
     D:8: 636 daAuts
  Lair:5: 607 daAuts
     D:4: 599 daAuts
     D:6: 583 daAuts
  Lair:2: 535 daAuts
     D:7: 531 daAuts
  Lair:3: 519 daAuts
   Sewer: 479 daAuts
     D:5: 413 daAuts
     D:3: 406 daAuts
 Snake:1: 367 daAuts
     D:2: 321 daAuts
     D:1: 290 daAuts
  Lair:1: 265 daAuts
 Snake:4: 224 daAuts
